 Dungeon Crawl Stone Soup version 0.30-a0-576-g89cddaab80 (webtiles) character file.

Game seed: 79915830853450087

7 drugrobin the Sneak (level 1, -3/18 HPs)
             Began as a Demigod Delver on Dec 31, 2022.
             Frozen to death by an endoplasm (4 damage)
             ... on level 1 of the Dungeon.
             The game lasted 00:01:30 (308 turns).

drugrobin the Sneak (Demigod Delver)                 Turns: 308, Time: 00:01:31

Health: -3/18      AC:  3    Str: 13    XL:     1   Next: 66%
Magic:  3/3        EV: 11    Int: 12    God:
Gold:   4          SH:  0    Dex: 15    Spells: 0/0 levels left

rFire   . . .      SeeInvis .    a - +0 spear
rCold   . . .      Faith    .    (no shield)
rNeg    . . .      Spirit   .    b - +0 leather armour
rPois   .          Reflect  .    (no helmet)
rElec   .          Harm     .    (no cloak)
rCorr   .          Rampage  .    (no gloves)
Will    .....                    (no boots)
Stlth   +++                      (no amulet)
HPRegen 0.23/turn                (no ring)
MPRegen 0.08/turn                (no ring)

@: no status effects
A: high MP 1, forlorn, divine attributes
a: no special abilities


You were on level 1 of the Dungeon.
You visited 1 branch of the dungeon, and saw 5 of its levels.

You collected 4 gold pieces.

Inventory:

Hand Weapons
 a - a +0 spear (weapon)
Armour
 b - a +0 leather armour (worn)
Wands
 g - a wand of digging (2)
Scrolls
 c - a scroll of fog
 d - a scroll of magic mapping
 e - a scroll of fear
 i - a scroll of torment {unknown}
 j - a scroll of noise {unknown}
 k - a scroll of teleportation {unknown}
Potions
 f - a potion of haste
 h - a potion of cancellation {unknown}
 l - a potion of invisibility {unknown}


   Skills:
 - Level 2.6 Fighting
 + Level 2.4 Polearms
 - Level 1.7 Dodging
 - Level 4.5 Stealth


You couldn't memorise any spells.
You didn't know any spells.
Your spell library was empty.

Dungeon Overview and Level Annotations

Branches:
Dungeon (5/15)
 Temple: D:4-7


Innate Abilities, Weirdness & Mutations

You have an increased reservoir of magic. (+10% MP)
You shall have no god before yourself.
Your divine heritage dramatically boosts your attributes as you level up.


Message History

The ball python is severely wounded.
The endoplasm hits you. The ball python misses you.
The ball python constricts you.
You barely miss the ball python.
The ball python is severely wounded.
The ball python bites you. The ball python constricts you.
* * * LOW HITPOINT WARNING * * *
The endoplasm hits you.
* * * LOW HITPOINT WARNING * * *
The ball python bites you but does no damage.
The ball python constricts you.
* * * LOW HITPOINT WARNING * * *
Unknown command.
Unknown command.
You hit the ball python but do no damage.
The ball python is severely wounded.
The endoplasm hits you.
* * * LOW HITPOINT WARNING * * *
The ball python bites you but does no damage.
The ball python constricts you.
Unknown command.
Unknown command.
You hit the ball python.
You kill the ball python!
The endoplasm hits you but does no damage.
Unknown command.
Unknown command.
You hit the endoplasm.
The endoplasm is moderately wounded.
The endoplasm barely misses you.
Unknown command.
Unknown command.
You hit the endoplasm.
The endoplasm is almost dead.
The endoplasm freezes you.
You are frozen.
* * * LOW HITPOINT WARNING * * *
The endoplasm freezes you.
You are frozen.
You die...

..........#### ...
............$ ...
............ ....
........... .....
(.........####.....
...................
............†......
.......>...@J.....[
.##.#......J.......
#..............
#.........)....
###.##..?......
#.#).......(.
#.#...?....##
#.#...#....#


You could see 2 endoplasms.

Vanquished Creatures
  A giant cockroach (D:1)
  2 jackals (D:4)
  2 ball pythons
  A frilled lizard (D:3)
6 creatures vanquished.

Notes
Turn   | Place    | Note
-------+----------+-------------------------------------------
     0 | D:5      | drugrobin the Demigod Delver began the quest for the Orb.
     0 | D:5      | Reached XP level 1. HP: 18/18 MP: 3/3
     6 | D:5      | Noticed a hound
    37 | D:5      | Noticed an ogre
    82 | D:4      | Noticed a hound
   214 | D:3      | Noticed an orc priest
   308 | D:1      | Frozen to death by an endoplasm

Illustrated notes

Levels and vault maps discovered:
D:1:      sevenhm_arrival_forest_fort_small_5, layout_basic
D:2:      layout_rooms, basic_altar
D:3:      layout_rooms, st_stairs_13, minivault_5
D:4:      layout_basic, eat_drink_and_be_merry_uskayaw, lemuel_tele_altar,
          minmay_misc_feat_chi
D:5:      layout_basic, minmay_temple_entry_arrows

Skill      XL: |  1 |
---------------+----+-----
Polearms       | 2 |  2.4
Fighting       | |  2.6
Dodging        | |  1.7
Stealth        | |  4.5

Action                   || total
-------------------------++-------
Melee: Spear             ||    28
Evoke: Wand              ||     1
 Stab: Sleeping          ||     2
Armor: Leather armour    ||     9
Dodge: Dodged            ||    15

Table legend: (Time is in decaauts)
 A = Elapsed time spent in this place.
 B = Non-inter-level travel time spent in this place.
 C = Inter-level travel time spent in this place.
 D = Time resting spent in this place.
 E = Time spent auto-exploring this place.
 F = Levels seen in this place.
 G = Mean time per level.
                   A        B        C        D        E       F      G
               +--------+--------+--------+--------+--------+-----+--------+
         Total |    306 |    297 |      9 |      0 |    106 |   5 |   61.2 |
       Dungeon |    306 |    297 |      9 |      0 |    106 |   5 |   61.2 |
               +--------+--------+--------+--------+--------+-----+--------+

Top non-repeatable levels by time:
     D:3: 93 daAuts
     D:2: 75 daAuts
     D:5: 66 daAuts
     D:4: 57 daAuts
     D:1: 14 daAuts
